 Dungeon Crawl Stone Soup version 0.27.1 (webtiles) character file.

Game seed: 4268600453420372909

176 acemry the Digger (level 5, 41/42 HPs)
             Began as a Deep Dwarf Earth Elementalist on Sept 3, 2021.
             Quit the game on level 2 of the Dungeon.
             The game lasted 00:03:22 (1087 turns).

acemry the Digger (Deep Dwarf Earth Elementalist)   Turns: 1087, Time: 00:03:23

Health: 41/42      AC:  2    Str: 12    XL:     5   Next: 30%
Magic:  6/6        EV: 13    Int: 16    God:
Gold:   26         SH:  0    Dex: 13    Spells: 6/7 levels left

rFire    . . .     SeeInvis .   a - +1 club
rCold    . . .     Faith    .   (no shield)
rNeg     . . .     Spirit   .   b - +0 robe
rPois    .         Reflect  .   (no helmet)
rElec    .         Harm     .   (no cloak)
rCorr    .         Rampage  .   (no gloves)
Will     .....                  (no boots)
Stlth    ++........             (no amulet)
HPRegen  0.00/turn              (no ring)
MPRegen  0.10/turn              (no ring)

@: no status effects
A: damage resistance, heal wounds, sense surroundings 1, no regeneration
a: Heal Wounds


You were on level 2 of the Dungeon.
You visited 1 branch of the dungeon, and saw 2 of its levels.

You collected 26 gold pieces.

Inventory:

Hand Weapons
 a - a +1 club (weapon)
Missiles
 c - 49 stones
Armour
 b - a +0 robe (worn)
Potions
 f - a potion of mutation {unknown}


   Skills:
 + Level 3.1 Dodging
 - Level 2.4 Stealth
 - Level 1.7 Spellcasting
 + Level 0.8 Transmutations
 * Level 7.5 Earth Magic


You had 6 spell levels left.
You knew the following spells:

 Your Spells              Type           Power      Damage    Failure   Level
a - Sandblast             Erth           50%        2d12      1%          1

Your spell library contained the following spells:

 Spells                   Type           Power      Damage    Failure   Level
 Passwall                 Tmut/Erth      11%        N/A       6%          2
 Stone Arrow              Conj/Erth      26%        3d8       14%         3
 Petrify                  Tmut/Erth      14%        N/A       36%         4


Dungeon Overview and Level Annotations

Branches:
Dungeon (2/15)

Altars:


Innate Abilities, Weirdness & Mutations

You are resistant to damage.
You can heal yourself by infusing magical energy.
You passively map a small area around you.
You do not regenerate.


Message History

You closely miss something. You hit something. Something hits you.
You hit something. Something hits you!
Casting: Sandblast (safe; 3% risk of failure)
Confirm with . or Enter, or press ? or * to list all spells.
You don't know that spell.
Casting: Sandblast (safe; 3% risk of failure)
Confirm with . or Enter, or press ? or * to list all spells.
Aiming: Sandblast (safe; 3% risk of failure)
Press: ? - help, Shift-Dir - straight line The blast of sand hits something but does no damage.
Something hits you.
You hit something but do no damage. Something hits you.
You hit something.
Reactivating autopickup.
You feel a bit more experienced.
Your Dodging skill increases to level 3!
Your Earth Magic skill gained 2 levels and is now at level 7!
You have reached level 3!
Your experience leads to an increase in your attributes!
Increase (S)trength, (I)ntelligence, or (D)exterity?
You feel clever.
You have reached level 4!
You feel stronger.
You have reached level 5!
As you read the scroll labelled RISSOT MISYWK, it crumbles to dust.
It is a scroll of enchant weapon.
Your +0 club glows red for a moment.
As you read the scroll labelled DEC OQUHEGIAJY, it crumbles to dust.
Magic quickly surges around you.
It was a scroll of vulnerability.
You start resting.
You feel your willpower return.
You start resting.
Magic restored.
You start waiting.
Done waiting.
You fail to use your ability.
Your magical essence is drained by the effort!
You feel much better.
Are you sure you want to abandon this character and quit the game? (Confirm with "yes".)

#.# , ,
#.#.#
#.#.#
#.#.#
#<#.#
#.#.#
#.#.#
#.#.#
#.@.#
#.#)#*
#.###.#
#.# #..
##, *
###* *
, * * ,


There were no monsters in sight!

Vanquished Creatures
  Sigmund (D:2)
  A dart slug (D:1)
  3 bats (D:1)
  An endoplasm (D:1)
  2 giant cockroaches (D:1)
  A goblin (D:1)
  2 hobgoblins (D:1)
  A quokka (D:1)
  A frilled lizard (D:1)
  4 kobolds (D:1)
  A rat (D:1)
18 creatures vanquished.

Notes
Turn   | Place    | Note
-------+----------+-------------------------------------------
     0 | D:1      | acemry the Deep Dwarf Earth Elementalist began the quest
                  | for the Orb.
     0 | D:1      | Reached XP level 1. HP: 15/15 MP: 3/3
   345 | D:1      | Reached XP level 2. HP: 22/22 MP: 4/4
   640 | D:1      | Reached skill level 5 in Earth Magic
   767 | D:1      | Found a faded altar of an unknown god.
   903 | D:2      | Noticed Sigmund
   919 | D:2      | Killed Sigmund
   920 | D:2      | Reached skill level 7 in Earth Magic
   920 | D:2      | Reached XP level 3. HP: 10/28 MP: 0/5
   920 | D:2      | Reached XP level 4. HP: 13/36 MP: 0/6
   920 | D:2      | Reached XP level 5. HP: 15/42 MP: 0/7
  1087 | D:2      | Quit the game

Illustrated notes

Levels and vault maps discovered:
D:1:      mainiacjoe_arrival_reflecting_pool, layout_loops_ring,
          ebering_ecumenical_altar_box, nrook_uturn
D:2:      layout_loops_ring, uniq_sigmund

Skill      XL: |  1  2 |
---------------+-------+-----
Earth Magic    | 7 |  7.5
Dodging        | 3 |  3.1
Stealth        | |  2.4
Spellcasting   | |  1.7
Transmutations | |  0.8

Action                   |  1- 3 |  4- 6 || total
-------------------------+-------+-------++-------
Melee: Unarmed           |    14 |       ||    14
       Club              |    29 |       ||    29
 Cast: Sandblast         |    21 |       ||    21
 Abil: Heal Wounds       |     1 |     1 ||     2
  Use: Scroll            |       |     2 ||     2
Armor: Robe              |    20 |       ||    20
Dodge: Dodged            |    37 |       ||    37
